Unix NetHack Version 5.0.0-0 post-release - last build Jun 10 2026 00:39:30 (3ee93aec679c4c4259841fe613dc97188e26a321,branch:main).

Game began 2026-07-07 03:19:07, ended 2026-07-07 03:21:16.

JohnDarcy, neutral male human Tourist

              -
              |.
       --   ---G-- .-
       -........@d%-
      |........G----
      -........`
     -.... ----
    ....
   |. |
   --

JohnDarcy the Rambler       St:10 Dx:12 Co:13 In:12 Wi:11 Ch:17  Neutral
Dlvl:3  $:163 HP:0(12) Pw:4(4) AC:10 Xp:2 T:164 

Latest messages:
 Lurch bites the lichen.
 The lichen is killed!
 a - 2 +2 darts (at the ready) (35 in total).
 p - a lichen corpse.
 You descend the stairs.
 A board beneath Lurch squeaks an F sharp loudly.
 You see here 7 gold pieces.
 $ - 7 gold pieces (163 in total).
 The door opens.
 You hear someone counting gold coins.
 The door resists!
 The door resists!
 The door resists!
 The door resists!
 The door opens.
 You stop.  Lurch is in the way!
 Lurch misses the jackal.
 Lurch misses the jackal.
 Lurch misses the jackal.
 Lurch misses the jackal.
 The jackal bites!
 Lurch misses the jackal.
 You hear some noises.
 You swap places with Lurch.
 You swap places with Lurch.
 You descend the stairs.
 You stop searching.
 What do you want to throw? [$a or ?*] a
 In what direction? 7
 The dart misses the gnome.
 Lurch picks up an octagonal amulet.
 What do you want to throw? [$a or ?*] a
 In what direction? 7
 The dart hits the gnome.
 What do you want to throw? [$a or ?*] a
 In what direction? 7
 The dart misses the gnome.
 The gnome hits!
 What do you want to throw? [$a or ?*] a
 In what direction? 7
 The dart misses the gnome.
 What do you want to use or apply? [cgmn or ?*] c
 In what direction? 1
 The gnome king is blinded by the flash!
 The gnome king turns to flee.
 Welcome to experience level 2.
 The gnome king swings his thonged club.
 The gnome king hits!
 You die...
 Do you want your possessions identified? [ynq] (y) q

Inventory:
 Coins    ('$')
  $ - 163 gold pieces
 Weapons  (')')
  a - 31 +2 darts (at the ready)
 Armor    ('[')
  l - an uncursed +0 Hawaiian shirt with an orchid motif (being worn)
 Comestibles  ('%')
  e - an uncursed clove of garlic
  m - an uncursed cream pie
  g - an uncursed eucalyptus leaf
  d - 5 uncursed food rations
  h - an uncursed fortune cookie
  b - 2 uncursed tripe rations
  f - an uncursed tin of boiled goblin meat
  p - an uncursed lichen corpse
 Scrolls  ('?')
  k - a blessed scroll of magic mapping
  j - 3 uncursed scrolls of magic mapping
 Potions  ('!')
  i - 2 blessed potions of extra healing
 Rings    ('=')
  o - an uncursed ring of stealth (on left hand)
 Tools    ('(')
  n - an uncursed credit card
  c - an expensive camera (0:54)

JohnDarcy the Tourist's attributes:

Background:
 You were a Rambler, a level 2 male human Tourist.
 You were neutral, on a mission for The Lady
 who was opposed by Blind Io (lawful) and Offler (chaotic).
 You were right-handed.
 You were in the Gnomish Mines, on level 3.
 You entered the dungeon 164 turns ago.
 It was nighttime.
 You had 28 experience points, 12 more were needed to attain level 3.

Basics:
 You had 0 out of 12 hit points.
 You had all 4 energy points (spell power).
 Your armor class was 10.
 Your wallet contained 163 zorkmids.
 Autopickup was off.

Final Characteristics:
 Your strength was 10 (limit:18/100).
 Your dexterity was 12 (limit:18).
 Your constitution was 13 (limit:18).
 Your intelligence was 12 (limit:18).
 Your wisdom was 11 (limit:18).
 Your charisma was 17 (limit:18).

Final Status:
 You weren't hungry.
 You were unencumbered.
 You were bare handed.
 You were unskilled in bare handed combat.

Final Attributes:
 You were nominally aligned.
 You were stealthy.
 You are dead.

Miscellaneous:
 You didn't encounter any bones levels.
 Total elapsed playing time was 2 minutes and 8 seconds.

Major events:
 Turn
    1: JohnDarcy the neutral male human Tourist entered the dungeon
  148: entered the Gnomish Mines
  164: killed by a gnome king

You didn't know any spells.

Skills:
 Fighting Skills
   bare handed combat [Unskilled]
   two weapon combat  [Unskilled]
   riding             [Unskilled]
 Weapon Skills
   dagger             [Unskilled]
   knife              [Unskilled]
   axe                [Unskilled]
   pick-axe           [Unskilled]
   short sword        [Unskilled]
   broadsword         [Unskilled]
   long sword         [Unskilled]
   two-handed sword   [Unskilled]
   saber              [Unskilled]
   mace               [Unskilled]
   morning star       [Unskilled]
   flail              [Unskilled]
   hammer             [Unskilled]
   quarterstaff       [Unskilled]
   polearms           [Unskilled]
   spear              [Unskilled]
   trident            [Unskilled]
   lance              [Unskilled]
   bow                [Unskilled]
   sling              [Unskilled]
   crossbow           [Unskilled]
   dart               [Basic]
   shuriken           [Unskilled]
   boomerang          [Unskilled]
   whip               [Unskilled]
   unicorn horn       [Unskilled]
 Spellcasting Skills
   divination spells  [Unskilled]
   enchantment spells [Unskilled]
   escape spells      [Unskilled]

Voluntary challenges:
 Character rerolling was not enabled.
 You went without food.
 You were an atheist.
 You never hit with a wielded weapon.
 You were a pacifist.
 You were illiterate.
 You never genocided any monsters.
 You never polymorphed an object.
 You never changed form.
 You used no wishes.
Achievement:
 You entered the Gnomish Mines.

 The Dungeons of Doom: levels 1 to 2
    Level 1:
    Level 2:
       Stairs down to The Gnomish Mines.
 The Gnomish Mines:
    Level 3: <- You were here.
       Final resting place for
          you, killed by a gnome king.


Vanquished creatures:
  a jackal
  a grid bug
  a lichen
3 creatures vanquished.

No species were genocided or became extinct.

Game over:
                       ----------
                      /          \
                     /    REST    \
                    /      IN      \
                   /     PEACE      \
                  /                  \
                  |    JohnDarcy     |
                  |      163 Au      |
                  |   killed by a    |
                  |    gnome king    |
                  |                  |
                  |                  |
                  |       2026       |
                 *|     *  *  *      | *
        _________)/\\_//(\/(/\)/\//\/|_)_______

Aloha JohnDarcy the Tourist...

You died in The Gnomish Mines on dungeon level 3 with 226 points,
and 163 pieces of gold, after 164 moves.
You were level 2 with a maximum of 12 hit points when you died.

